Map: 2000 Atmospheres LE

Players

Lambo - Winner!

  • Race: Zerg Zerg
  • League: Grandmaster

ShoWTimE

  • Race: Protoss Protoss
  • League: Grandmaster

Event: DreamHack SC2 Masters 2021 Summer

VOD

Have the link to the VOD?

Description

Time

  • Played on: June 4, 2021, 11:53 a.m.
  • Length: 13:33

All games in this series

Show
View Real Time Build Order
Export as new Build Order

Lambo Zerg - Winner!

Build Orders: Hatch First 

Get SALT Encoding   

  12  0:00  Drone  
  13  0:12  Overlord  
  13  0:16  Drone  
  14  0:30  Drone x2  
  16  0:47  Hatchery  
  15  0:50  Drone  
  15  0:54  Drone  
  17  0:57  Drone  
  18  1:08  Extractor  
  17  1:12  Spawning Pool  
  16  1:19  Drone  
  16  1:20  Drone  
  18  1:28  Drone  
  19  1:38  Drone  
  20  1:49  Drone  
  21  1:59  Queen x2  
  21  2:00  Zergling x2, Overlord  
  26  2:10  Drone x2  
  26  2:14  Metabolic Boost  
  28  2:20  Drone  
  28  2:21  Drone  
  30  2:33  Hatchery  
  29  2:39  Queen  
  29  2:42  Drone  
  32  2:46  Overlord  
  32  2:49  Drone  
  32  2:51  Zergling x2  
  34  2:56  Zergling x2  
  34  2:57  Drone  
  36  3:07  Zergling x2  
  36  3:08  Queen  
  39  3:15  Drone x5  
  44  3:24  Overlord  
  44  3:25  Overlord  
  44  3:30  Spore Crawler  
  44  3:31  Queen  
  44  3:32  Extractor  
  45  3:43  Drone x5  
  45  3:45  Queen  
  52  3:49  Drone x3  
  52  3:51  Drone  
  56  3:55  Drone  
  56  3:56  Drone x2  
  56  4:01  Zergling x2  
  60  4:04  Zergling x2  
  60  4:06  Drone  
  62  4:13  Zergling x2  
  62  4:14  Drone  
  64  4:17  Spore Crawler  
  64  4:18  Drone  
  64  4:20  Drone x2  
  64  4:21  Overlord  
  64  4:22  Overlord  
  66  4:25  Roach Warren, Overlord  
  65  4:32  Lair  
  65  4:33  Zergling x2  
  65  4:35  Overlord  
  66  4:39  Overlord  
  66  4:40  Drone x3  
  66  4:43  Spore Crawler  
  68  4:46  Drone x2  
  68  4:47  Drone, Extractor  
  68  4:48  Extractor  
  68  4:49  Drone  
  68  4:50  Zergling x2  
  68  4:52  Zergling x2  
  71  4:53  Drone  
  71  4:57  Drone x3  
  71  4:58  Drone  
  71  4:59  Drone  
  77  5:02  Drone x2  
  79  5:10  Drone  
  79  5:11  Drone  
  79  5:12  Drone  
  83  5:14  Drone x2  
  83  5:15  Hatchery, Drone  
  84  5:21  Drone x3, Evolution Chamber  
  84  5:23  Drone x2  
  84  5:25  Drone  
  84  5:27  Drone x2  
  84  5:28  Extractor  
  90  5:29  Extractor, Drone  
  90  5:30  Drone, Extractor  
  90  5:32  Drone  
  91  5:35  Queen  
  91  5:36  Glial Reconstitution  
  93  5:47  Drone x2, Spire  
  94  5:51  Baneling Nest  
  94  5:53  Drone x8  
  94  5:55  Drone  
  100  5:58  Zerg Melee Weapons Level 1  
  100  6:01  Drone x3  
  103  6:07  Drone x2  
  105  6:11  Overlord  
  105  6:15  Overlord  
  105  6:17  Overlord  
  105  6:22  Overlord  
  105  6:23  Spore Crawler  
  105  6:24  Overlord  
  105  6:25  Extractor, Overlord  
  103  6:26  Overseer  
  103  6:27  Overlord  
  103  6:31  Roach x3  
  103  6:32  Roach  
  111  6:33  Drone x5  
  111  6:37  Centrifical Hooks  
  111  6:39  Drone x2  
  118  6:42  Drone, Evolution Chamber  
  118  6:53  Drone  
  118  6:54  Drone  
  120  7:02  Roach  
  120  7:03  Extractor, Roach x2  
  120  7:04  Zergling x18  
  120  7:06  Hatchery, Infestation Pit  
  132  7:18  Zerg Missile Weapons Level 1  
  132  7:19  Zerg Flyer Weapons Level 1  
  132  7:20  Corruptor x3  
  138  7:30  Overlord  
  138  7:31  Ravager x4  
  138  7:32  Ravager x3  
  138  7:33  Zergling x14, Roach x5  
  162  7:37  Zergling x2  
  162  7:42  Overlord  
  162  7:43  Hive  
  162  7:44  Overlord  
  163  7:45  Overlord  
  163  7:51  Overlord  
  163  7:53  Drone x3  
  163  7:55  Drone  
  167  8:01  Overlord  
  167  8:02  Pneumatized Carapace, Zerg Melee Weapons Level 2  
  167  8:03  Overseer  
  167  8:09  Zergling x20  
  167  8:11  Hatchery, Drone  
  167  8:12  Spine Crawler  
  176  8:17  Drone  
  176  8:18  Drone x3  
  180  8:24  Roach x3  
  180  8:26  Spore Crawler  
  185  8:30  Spine Crawler  
  181  8:46  Zergling x2  
  181  8:47  Zergling x18  
  191  8:50  Spine Crawler, Overseer  
  191  8:52  Overlord  
  191  8:54  Drone x2  
  192  8:56  Extractor  
  192  8:57  Extractor  
  192  8:59  Drone  
  191  9:09  Spore Crawler  
  190  9:16  Zerg Ground Armor Level 1  
  190  9:17  Baneling x12  
  192  9:27  Baneling x10  
  192  9:28  Adrenal Glands  
  192  9:29  Greater Spire  
  190  9:34  Baneling x2  
  190  9:37  Baneling x3  
  190  9:38  Baneling x11  
  190  9:41  Zergling x20  
  199  9:48  Zergling x24  
  197  10:02  Roach x6  
  197  10:05  Zergling x16  
  178  10:08  Roach x3  
  178  10:09  Roach  
  178  10:11  Roach x2  
  178  10:13  Baneling x8  
  178  10:14  Baneling x13  
  175  10:15  Roach x3  
  175  10:16  Baneling  
  175  10:17  Baneling x3, Zergling x2  
  175  10:18  Roach x2  
  175  10:21  Zergling x10  
  191  10:26  Queen x2  
  189  10:31  Zergling x10  
  174  10:35  Roach  
  174  10:37  Roach x2  
  174  10:38  Zergling x2  
  174  10:41  Queen  
  174  10:42  Zergling x8  
  172  10:47  Viper x3  
  172  10:49  Zergling x10  
  180  10:51  Zerg Melee Weapons Level 3  
  179  10:58  Queen x2, Overlord  
  179  10:59  Drone  
  179  11:01  Overlord  
  179  11:04  Baneling x12, Overlord  
  181  11:06  Overlord  
  181  11:07  Overlord  
  181  11:10  Baneling x4  
  181  11:11  Baneling, Overlord x2  
  181  11:17  Overlord  
  181  11:24  Zergling x16  
  189  11:26  Overseer  
  189  11:29  Baneling x11, Zergling x4  
  191  11:33  Zergling x8  
  191  11:37  Zergling x8  
  191  11:39  Overseer  
  199  11:52  Zergling x6  
  196  11:56  Zergling x16, Roach  
  196  11:59  Roach x3  
  198  12:06  Zergling x2  
  198  12:07  Zergling x6  
  189  12:23  Hatchery  
  189  12:26  Baneling x23  
  189  12:27  Zergling x18  
  197  12:30  Zergling x2  
  197  12:31  Zergling x2  
  197  12:33  Baneling x9  
  199  12:40  Overlord  
  199  12:41  Baneling x9  
  199  12:45  Baneling x8  
  199  13:00  Zergling x4  
  199  13:01  Zergling x4  
  189  13:05  Zergling x2  
  189  13:06  Zergling x10  
  189  13:08  Roach x5  
Show
View Real Time Build Order
Export as new Build Order

ShoWTimE Protoss 

Build Orders: 1 Gate Expand, Oracle Opening 

Get SALT Encoding   

  12  0:00  Probe  
  13  0:12  Probe  
  14  0:19  Pylon  
  14  0:24  Probe  
  15  0:37  Probe (Chrono Boost)  
  15  0:39  Gateway  
  16  0:46  Probe (Chrono Boost), Assimilator  
  17  0:51  Probe (Chrono Boost)  
  18  1:03  Probe  
  19  1:15  Probe  
  20  1:23  Nexus  
  20  1:33  Cybernetics Core  
  20  1:35  Probe  
  21  1:40  Assimilator  
  21  1:47  Probe  
  21  1:50  Pylon  
  22  1:59  Probe  
  23  2:06  Adept (Chrono Boost)  
  23  2:11  Probe  
  26  2:19  Stargate  
  26  2:23  Probe (Chrono Boost)  
  26  2:27  Adept (Chrono Boost)  
  29  2:34  Warp Gate  
  29  2:35  Probe (Chrono Boost)  
  31  2:42  Probe (Chrono Boost)  
  32  2:44  Probe (Chrono Boost)  
  32  2:49  Probe (Chrono Boost), Adept  
  35  2:52  Probe  
  36  2:59  Pylon  
  36  3:00  Probe  
  36  3:03  Oracle (Chrono Boost)  
  36  3:04  Probe  
  38  3:12  Probe  
  42  3:16  Probe  
  42  3:19  Adept  
  45  3:24  Probe  
  45  3:26  Gateway  
  46  3:28  Probe  
  47  3:34  Oracle (Chrono Boost)  
  47  3:36  Probe  
  47  3:39  Pylon  
  47  3:40  Probe  
  53  3:48  Probe  
  53  3:53  Probe  
  54  3:58  Nexus  
  54  4:00  Probe  
  55  4:03  Oracle (Chrono Boost)  
  55  4:05  Probe  
  59  4:10  Pylon  
  59  4:12  Probe  
  59  4:16  Assimilator  
  60  4:19  Probe, Assimilator  
  61  4:24  Probe  
  61  4:26  Pylon  
  61  4:30  Adept x2  
  61  4:31  Probe  
  67  4:37  Probe  
  68  4:43  Probe, Robotics Facility  
  69  4:49  Probe, Forge  
  69  4:51  Gateway  
  70  4:55  Probe (Chrono Boost)  
  70  4:59  Sentry x2  
  75  5:05  Probe (Chrono Boost)  
  77  5:07  Probe (Chrono Boost), Gateway  
  79  5:15  Probe (Chrono Boost)  
  79  5:16  Probe (Chrono Boost)  
  79  5:19  Probe (Chrono Boost)  
  79  5:20  Shield Battery  
  80  5:23  Probe (Chrono Boost), Protoss Ground Weapons Level 1 (Chrono Boost)  
  80  5:26  Probe (Chrono Boost)  
  80  5:28  Probe x2 (Chrono Boost)  
  83  5:29  Pylon  
  83  5:33  Probe, Sentry  
  83  5:34  Immortal (Chrono Boost)  
  87  5:37  Probe  
  87  5:38  Probe  
  93  5:44  Phoenix x2  
  93  5:45  Robotics Bay  
  93  5:47  Probe  
  93  5:49  Probe, Assimilator  
  95  5:50  Probe  
  95  5:55  Assimilator  
  96  5:59  Probe  
  96  6:01  Probe  
  96  6:02  Probe, Gateway  
  99  6:06  Observer, Gateway, Pylon  
  101  6:20  Twilight Council, Pylon  
  101  6:22  Photon Cannon  
  101  6:23  Pylon  
  101  6:24  Gateway  
  100  6:29  Gateway  
  100  6:30  Stalker x4  
  108  6:35  Warp Prism (Chrono Boost)  
  110  6:41  Pylon  
  110  6:42  Pylon  
  110  6:43  Pylon  
  110  6:54  Phoenix (Chrono Boost)  
  112  6:58  Photon Cannon  
  112  6:59  Photon Cannon, Pylon, Charge  
  112  7:01  Dark Shrine  
  112  7:06  Nexus  
  112  7:11  Pylon  
  112  7:12  Probe x3  
  112  7:14  Phoenix  
  117  7:21  Photon Cannon  
  117  7:24  Probe x2, Shield Battery  
  117  7:26  Disruptor (Chrono Boost)  
  117  7:27  Probe  
  123  7:34  Photon Cannon  
  123  7:35  Protoss Ground Weapons Level 2 (Chrono Boost)  
  123  7:36  Probe  
  124  7:37  Probe  
  124  7:39  Probe  
  124  7:43  Phoenix  
  128  7:48  Probe  
  128  7:50  Photon Cannon  
  129  7:52  Shield Battery  
  129  7:57  Disruptor (Chrono Boost)  
  129  7:59  Gateway  
  129  8:00  Gateway  
  129  8:05  Assimilator  
  132  8:09  Assimilator  
  132  8:15  Dark Templar x3  
  132  8:16  Dark Templar  
  132  8:19  Archon x2  
  140  8:25  Photon Cannon  
  140  8:27  Photon Cannon, Disruptor (Chrono Boost), Dark Templar  
  142  8:50  Photon Cannon  
  142  8:52  Disruptor (Chrono Boost)  
  142  8:57  Pylon  
  142  9:01  Dark Templar x3  
  142  9:02  Dark Templar x2  
  155  9:03  Dark Templar  
  155  9:04  Zealot x2  
  155  9:07  Archon x2  
  155  9:08  Archon  
  157  9:13  Blink (Chrono Boost)  
  157  9:20  Pylon  
  157  9:22  Gateway, Pylon  
  157  9:26  Gateway  
  157  9:27  Dark Templar x2  
  157  9:30  Dark Templar  
  163  9:31  Nexus  
  163  9:33  Archon  
  163  9:34  Zealot x4  
  163  9:35  Pylon  
  171  9:50  Dark Templar x2  
  175  9:54  Archon  
  175  9:55  Archon, Stalker x5  
  165  10:12  Stalker  
  165  10:13  Stalker x2  
  157  10:18  Zealot x5  
  167  10:30  Stalker x2  
  167  10:35  Disruptor  
  159  10:40  Stalker x7  
  136  10:44  Zealot x3  
  136  10:49  Protoss Shields Level 1 (Chrono Boost)  
  134  10:54  Probe x4  
  136  11:00  Dark Templar x2  
  136  11:03  Photon Cannon  
  140  11:04  Archon  
  140  11:10  Disruptor, Dark Templar x3  
  149  11:16  Dark Templar  
  151  11:19  Assimilator  
  151  11:21  Archon  
  151  11:22  Assimilator, Stalker  
  151  11:23  Stalker  
  151  11:24  Archon, Zealot  
  157  11:31  Dark Templar x2  
  161  11:36  Archon  
  161  11:43  Zealot x6  
  173  11:49  Immortal (Chrono Boost)  
  147  12:01  Templar Archives  
  147  12:11  Zealot x5  
  147  12:12  Zealot x7  
  151  12:17  Robotics Facility  
  147  12:25  Disruptor (Chrono Boost)  
  147  12:26  Photon Cannon  
  147  12:28  Photon Cannon  
  150  12:30  Photon Cannon  
  150  12:39  High Templar x6  
  150  12:43  Archon  
  150  12:44  Pylon  
  160  13:05  Archon  
  128  13:07  Nexus, Stalker x4  
  128  13:08  Stalker x2  
  106  13:15  Stalker x3  
  97  13:23  Stalker  
  97  13:24  Stalker  
  97  13:25  Stalker  
Tags
 
Add a new tag
Caveats
  • Supply blocks, unpowered buildings, or Contaminate may cause inaccurate times.
  • Supply counts are checked every 10 seconds.